Map: Abyssal Reef LE

Players

LewisKiniski

  • Race: Protoss Protoss
  • League: Master
  • Spawn Location: 11:00

A.I. 1 (Very Easy) - Winner!

  • Race: Terran Terran
  • Spawn Location: 5:00

VOD

Have the link to the VOD?

Description

Time

  • Played on: Dec. 29, 2024, 4:50 p.m.
  • Length: 9:35
Show
View Real Time Build Order
Export as new Build Order

LewisKiniski Protoss 

Build Orders: 1 Gate Expand, Double Forge, Phoenix Opening, Blink Stalkers, Colossus Rush 

Get SALT Encoding   

  12  0:00  Probe  
  13  0:12  Probe  
  14  0:18  Pylon  
  14  0:24  Probe  
  15  0:32  Probe  
  15  0:37  Gateway  
  15  0:41  Probe  
  16  0:46  Assimilator  
  17  0:52  Probe  
  18  1:04  Probe  
  19  1:20  Nexus  
  19  1:30  Cybernetics Core  
  19  1:33  Probe  
  19  1:38  Assimilator  
  20  1:45  Probe  
  21  1:49  Pylon  
  21  1:55  Stalker  
  21  1:57  Probe  
  24  2:08  Warp Gate  
  24  2:09  Probe  
  25  2:21  Probe  
  26  2:24  Sentry  
  26  2:29  Probe  
  28  2:33  Probe  
  30  2:37  Probe  
  30  2:40  Twilight Council  
  31  2:45  Probe  
  31  2:47  Probe  
  31  2:50  Gateway  
  33  2:55  Gateway  
  33  2:58  Probe  
  34  3:00  Probe  
  34  3:04  Stalker  
  35  3:07  Blink  
  35  3:08  Probe  
  35  3:10  Probe  
  35  3:12  Phoenix  
  39  3:16  Probe  
  39  3:22  Probe  
  41  3:29  Probe, Pylon  
  42  3:34  Probe  
  43  3:41  Probe  
  43  3:46  Robotics Facility  
  44  3:56  Nexus  
  44  3:59  Assimilator  
  44  4:01  Assimilator  
  44  4:03  Stalker  
  44  4:05  Stalker  
  48  4:10  Stalker  
  48  4:12  Probe  
  48  4:14  Probe  
  52  4:21  Pylon  
  52  4:23  Probe  
  52  4:24  Probe  
  54  4:35  Probe  
  54  4:39  Observer  
  54  4:40  Probe, Pylon  
  54  4:43  Robotics Bay  
  57  4:47  Probe  
  57  4:50  Forge x2  
  57  4:52  Probe  
  59  4:59  Probe  
  60  5:04  Probe x2  
  61  5:09  Protoss Ground Weapons Level 1  
  61  5:11  Stalker, Probe  
  61  5:12  Stalker x2, Probe  
  69  5:16  Probe  
  69  5:17  Protoss Ground Armor Level 1  
  69  5:18  Charge  
  69  5:21  Colossus  
  71  5:22  Probe  
  71  5:23  Probe  
  71  5:28  Probe  
  80  5:36  Probe x2  
  80  5:41  Probe  
  83  5:48  Probe x2  
  85  5:52  Gateway  
  85  5:53  Gateway  
  85  5:55  Gateway  
  85  5:56  Extended Thermal Lance  
  85  6:05  Pylon  
  85  6:07  Pylon  
  85  6:18  Gateway  
  85  6:19  Gateway  
  85  6:23  Probe x3  
  85  6:25  Colossus  
  94  6:32  Pylon  
  94  6:35  Probe x3  
  94  6:37  Pylon  
  97  6:46  Nexus  
  97  6:49  Pylon, Zealot x2  
  97  6:50  Zealot  
  97  6:52  Zealot  
  97  6:53  Zealot x2  
  109  6:57  Protoss Ground Armor Level 2  
  109  6:58  Pylon  
  109  7:00  Templar Archives, Probe x3  
  112  7:04  Protoss Ground Weapons Level 2, Assimilator  
  112  7:07  Assimilator  
  112  7:12  Probe x2  
  112  7:13  Probe  
  116  7:24  Probe  
  116  7:25  Probe x2  
  116  7:29  Psionic Storm  
  122  7:31  Colossus  
  122  7:34  Zealot  
  122  7:35  Zealot x3  
  122  7:36  Probe  
  133  7:42  Pylon  
  133  7:44  Pylon  
  133  7:57  Pylon  
  133  7:58  Probe x3  
  136  8:00  Zealot x2  
  136  8:01  Zealot x4  
  148  8:10  Gravitic Drive, Probe x3  
  151  8:16  Probe  
  152  8:22  Probe x2  
  152  8:25  Warp Prism  
  156  8:27  High Templar x5  
  156  8:29  Nexus  
  156  8:31  Pylon  
  156  8:34  Pylon  
  166  8:35  Assimilator  
  166  8:38  Assimilator  
  166  8:40  Zealot x3  
  172  8:49  Gateway  
  172  8:52  Gateway  
  172  8:55  Gateway x2  
  172  8:56  Pylon  
  172  8:57  Pylon  
  172  8:58  Pylon  
  172  9:11  Zealot x8  
  188  9:21  Pylon  
  188  9:23  Pylon  
  188  9:31  Zealot x2  
  188  9:32  Zealot x4  
Show
View Real Time Build Order
Export as new Build Order

A.I. 1 (Very Easy) Terran - Winner!

Build Orders: Reaper Expand 

Get SALT Encoding   

  12  0:00  SCV  
  13  0:13  SCV  
  14  0:18  Supply Depot  
  14  0:42  Barracks  
  14  1:06  Command Center  
  14  1:29  Orbital Command  
  14  1:30  Marine  
  15  1:33  Supply Depot  
  15  1:39  Refinery  
  15  1:52  Refinery  
  15  1:55  SCV  
  16  2:07  SCV  
  17  2:19  Reaper, SCV  
  17  2:20  SCV  
  20  2:31  SCV  
  20  2:35  SCV  
  22  2:43  SCV  
  23  2:49  SCV  
  24  2:56  SCV  
  24  2:57  Refinery  
  25  3:03  SCV  
  26  3:09  Marine  
  26  3:11  SCV  
  28  3:18  SCV  
  29  3:21  Factory  
  29  3:44  Refinery  
  29  3:45  SCV  
  30  3:52  SCV  
  30  3:54  Supply Depot  
  31  3:59  Barracks Tech Lab, SCV  
  32  4:06  SCV  
  32  4:07  Starport  
  33  4:13  SCV  
  34  4:17  Marine  
  34  4:21  SCV  
  36  4:28  SCV  
  37  4:31  Supply Depot  
  37  4:35  SCV  
  38  4:42  SCV  
  39  4:45  Starport Tech Lab  
  39  4:49  SCV  
  40  4:56  SCV  
  41  5:03  SCV  
  41  5:05  Raven  
  44  5:07  Marine  
  44  5:11  SCV  
  46  5:18  SCV  
  47  5:28  SCV  
  47  5:40  Raven  
  49  5:58  Marauder  
  51  6:48  Marauder  
  53  7:37  Marine  
  54  8:38  SCV  
Tags
 
Add a new tag
Caveats
  • Supply blocks, unpowered buildings, or Contaminate may cause inaccurate times.
  • Supply counts are checked every 10 seconds.